 Dungeon Sprint DCSS version 0.30.1-11-g7821555f0a (webtiles) character file.

Game seed: 12502013791618881296

7530 Groucho the Unseen (level 10, -2/55 HPs)
             Began as a Spriggan Enchanter on Dec 17, 2023.
             Was an Elder of Dithmenos.
             Slain by a hornet (13 damage)
             ... while paralysed by a hornet
             ... in the Dungeon (Sprint II: "The Violet Keep of Menkaure").
             The game lasted 00:06:52 (700 turns).

Groucho the Unseen (Spriggan Enchanter)              Turns: 700, Time: 00:06:53

Health: -2/55      AC:  2    Str:  4    XL:     10   Next: 96%
Magic:  21/25      EV:  4    Int: 21    God:    Dithmenos [****..]
Gold:   445        SH:  0    Dex: 16    Spells: 7/29 levels left

rFire   + . .        a - +1 dagger
rCold   . . .        (no shield)
rNeg    . . .        b - +0 robe
rPois   .            (helmet restricted)
rElec   .            (no cloak)
rCorr   .            (gloves unavailable)
SInv    +            (boots unavailable)
Will    +....        (no amulet)
Stlth   +++++++++    f - ring of protection from fire
HPRegen 0.29/turn    (no ring)
MPRegen 0.19/turn

%: no teleportation
@: paralysed, lethally poisoned (-2 -> -8), confusing by touch, flying
(expiring), wreathed by umbra, very quick
A: very small, no large weapons, unfitting armour, see invisible, speed 3
a: Renounce Religion, Shadow Step


You were in the Dungeon.
You worshipped Dithmenos.
Dithmenos was greatly pleased with you.
You visited 1 branch You collected 1215 gold pieces.
You spent 770 gold pieces at shops.

Inventory:

Hand Weapons
 a - a +1 dagger (weapon)
Armour
 b - a +0 robe (worn)
Jewellery
 f - a ring of protection from fire (left hand)
Scrolls
 i - a scroll of blinking
Potions
 d - a potion of curing
 e - a potion of heal wounds
 g - 2 potions of magic
 h - a potion of berserk rage
 j - 2 potions of flight


   Skills:
 - Level 7.0 Fighting
 - Level 10.0 Short Blades
 - Level 8.0 Dodging
 - Level 15.0 Stealth
 + Level 5.5 Shields
 - Level 10.0 Spellcasting
 * Level 8.0 Conjurations
 - Level 14.0 Hexes
 * Level 9.5 Earth Magic


You had 7 spell levels left.
You knew the following spells:

 Your Spells              Type           Power      Damage    Failure   Level
a - Ensorcelled Hibernat  Hex/Ice        78%        N/A       1%          2
b - Confusing Touch       Hex            62%        N/A       1%          3
c - Dazzling Flash        Conj/Hex       100%       N/A       1%          3
d - Tukima's Dance        Hex            62%        N/A       1%          3
e - Iron Shot             Conj/Erth      23%        9d5       26%         6
f - Iskenderun's Battles  Conj           44%        2d10      7%          5

Your spell library contained the following spells:

 Spells                   Type           Power      Damage    Failure   Level
 Spellforged Servitor     Conj/Summ      13%        N/A       100%        7


Dungeon Overview and Level Annotations

Branches:
Dungeon (1/1)

Altars:
Cheibriados
Dithmenos
Elyvilon
Fedhas
Gozag
Hepliaklqana
Kikubaaqudgha
Makhleb
Nemelex Xobeh
Okawaru
Qazlal
Ru
Sif Muna
Trog
Uskayaw
Vehumet
Wu Jian
Xom
Yredelemnul
Zin
The Shining One
Jiyva
Lugonu

Shops:
D ::*!=*[!(?*!=[*

Annotations:
D exclusion: oklob plant


Innate Abilities, Weirdness & Mutations

You are very small and have problems with some larger weapons.
You are too small for most types of armour.
You have supernaturally acute eyesight. (SInv)
You cover ground extremely quickly. (Speed+++)


Message History

The polar bear is almost dead.
You hit the polar bear but do no damage.
The polar bear is almost dead.
The polar bear misses you. x2; The polar bear completely misses you.
You hit the polar bear but do no damage.
The polar bear is almost dead.
You barely miss the polar bear.
The polar bear is almost dead.
Your shadow hits the polar bear with a dagger.
The polar bear misses you. x2; The polar bear completely misses you.
You hit the polar bear but do no damage.
The polar bear is almost dead.
You hit the polar bear but do no damage.
The polar bear is almost dead.
The polar bear misses you. The polar bear closely misses you.
The polar bear barely misses you.
You hit the polar bear but do no damage.
You punch the polar bear, but do no damage.
The polar bear is almost dead.
You hit the polar bear.
The polar bear is almost dead.
The polar bear bites you. The polar bear misses you. x2
You strike the helpless polar bear from behind!
You impale the polar bear!!
You kill the polar bear!
Dithmenos accepts your kill.
Your Conjurations skill increases to level 8!
Unknown command.
Casting: Confusing Touch (safe; 1% risk of failure)
Confirm with . or Enter, or press ? or * to list all spells.
Your hands begin to glow red.
The hornet stings you!
You are poisoned.
You suddenly lose the ability to move!
You feel very sick. The hornet stings you!
You feel yourself slow down. The hornet stings you!
* * * LOW HITPOINT WARNING * * *
You shrug off the repeated paralysis!
You feel yourself speed up.
You are starting to lose your buoyancy.
You feel sick. The hornet stings you!
You die...

#..'....#..# ..#..####.#.†#
# ##.####..÷.##.# ##.#
...#..#.^.####
..####..#####..##$# ?)?
'###.##..#..'..#..#▓?$[([
.##.).#..#..#..#.c#▓?:$!)$
<.'.#.'..####..##y#▓$$?)$!
.##...#....###..@##▓▓▓▓▓▓▓
'###.##......~~~~~~~~~~~~~
#.####~~..§§.~#'########+##
#..#~~~~~§~..~#..._._._#~~§
#.##~~~~~§~~.~#_._._._.#~~§
+##~~§≈≈≈§§~~~#._._._._#~~§
~~~~§~§§§≈~~~#_._._._.#~§S
+++#§§≈§≈≈≈≈~#._._._..#§~~
##§≈§###≈≈#_._._...#§S~


You could see a yaktaur and a hornet.

Vanquished Creatures
  A deep elf master archer (D)
  A crystal guardian (D)
  2 boulder beetles (D)
  2 death drakes (D)
  3 shining eyes (D)
  A merfolk siren (D)
  2 polar bears (D)
  Menkaure (D)
  4 neqoxecs (D)
  4 water moccasins (D)
  2 swamp drakes (D)
  3 black bears (D)
  4 necrophages (D)
30 creatures vanquished.

Notes
Turn   | Place    | Note
-------+----------+-------------------------------------------
     0 | D        | Groucho the Spriggan Enchanter began the quest for the Orb.
     0 | D        | Reached XP level 1. HP: 9/9 MP: 5/5
     3 | D        | Noticed a neqoxec
     3 | D        | Noticed a neqoxec
     3 | D        | Noticed a neqoxec
     3 | D        | Noticed a neqoxec
     6 | D        | Noticed a merfolk siren
     9 | D        | Noticed a boulder beetle
     9 | D        | Noticed a boulder beetle
    12 | D        | Noticed a necrophage
    12 | D        | Noticed a necrophage
    12 | D        | Noticed a necrophage
    12 | D        | Noticed a necrophage
    18 | D        | Killed a necrophage
    19 | D        | Reached skill level 6 in Stealth
    19 | D        | Reached skill level 5 in Hexes
    19 | D        | Reached XP level 2. HP: 15/15 MP: 5/8
    19 | D        | Reached XP level 3. HP: 18/18 MP: 6/10
    27 | D        | Killed a necrophage
    28 | D        | Reached skill level 5 in Short Blades
    28 | D        | Reached skill level 5 in Dodging
    28 | D        | Reached skill level 7 in Stealth
    28 | D        | Reached skill level 5 in Spellcasting
    28 | D        | Reached XP level 4. HP: 14/24 MP: 7/12
    29 | D        | Killed a necrophage
    30 | D        | Reached skill level 10 in Stealth
    30 | D        | Reached XP level 5. HP: 18/30 MP: 7/13
    32 | D        | Reached skill level 5 in Fighting
    32 | D        | Reached skill level 12 in Stealth
    38 | D        | Killed a neqoxec
    39 | D        | Reached skill level 15 in Stealth
    39 | D        | Reached XP level 6. HP: 22/35 MP: 8/14
    40 | D        | Killed a neqoxec
    41 | D        | Killed a neqoxec
    42 | D        | Reached XP level 7. HP: 25/39 MP: 8/15
    45 | D        | Killed a neqoxec
    53 | D        | Killed a merfolk siren
    54 | D        | Reached skill level 10 in Short Blades
    54 | D        | Reached XP level 8. HP: 29/43 MP: 9/16
    57 | D        | Learned a level 2 spell: Ensorcelled Hibernation
    65 | D        | Killed a boulder beetle
    70 | D        | Killed a boulder beetle
    71 | D        | Reached XP level 9. HP: 38/50 MP: 7/23
    96 | D        | Found Xoseazo's Assorted Antiques.
    96 | D        | Found Ynnatee's Distillery.
    96 | D        | Found Epna's Assorted Antiques.
    96 | D        | Found Pougg's Antique Weapon Boutique.
    96 | D        | Found Muck's Distillery.
    96 | D        | Found Jasuolez's Magic Scroll Shop.
    96 | D        | Found Hotent's Antique Armour Boutique.
    97 | D        | Found Xytz's Assorted Antiques.
    97 | D        | Found Tirrey's Jewellery Shop.
    97 | D        | Found Kapt's Distillery.
    97 | D        | Found Decaekho's Jewellery Shop.
   102 | D        | Learned a level 3 spell: Confusing Touch
   102 | D        | Found Ixawi's Antique Armour Boutique.
   102 | D        | Found Boibaim's General Store.
   102 | D        | Found Evuibuh's Book Boutique.
   102 | D        | Noticed Menkaure
   117 | D        | Killed Menkaure
   118 | D        | Reached skill level 10 in Spellcasting
   124 | D        | Noticed an oklob plant
   125 | D        | Found Qiown's Book Shoppe.
   207 | D        | Noticed a fire dragon
   234 | D        | Bought a book of Power for 420 gold pieces
   238 | D        | Learned a level 3 spell: Dazzling Flash
   242 | D        | Learned a level 3 spell: Tukima's Dance
   249 | D        | Learned a level 6 spell: Iron Shot
   250 | D        | Bought a ring of protection from fire for 350 gold pieces
   268 | D        | Learned a level 5 spell: Iskenderun's Battlesphere
   283 | D        | Found a glowing golden altar of the Shining One.
   283 | D        | Found an ornate altar of the Wu Jian Council.
   284 | D        | Found a shimmering altar of Xom.
   284 | D        | Found a sacrificial altar of Ru.
   285 | D        | Found a basalt altar of Yredelemnul.
   285 | D        | Found a shimmering blue altar of Sif Muna.
   286 | D        | Found a glowing silver altar of Zin.
   286 | D        | Found a bloodstained altar of Trog.
   286 | D        | Found an ancient bone altar of Kikubaaqudgha.
   286 | D        | Found a stormy altar of Qazlal.
   286 | D        | Found a viscous altar of Jiyva.
   287 | D        | Found a hide-covered altar of Uskayaw.
   287 | D        | Found a corrupted altar of Lugonu.
   287 | D        | Found a shadowy altar of Dithmenos.
   288 | D        | Found a radiant altar of Vehumet.
   288 | D        | Found a burning altar of Makhleb.
   288 | D        | Found a white marble altar of Elyvilon.
   289 | D        | Found a sparkling altar of Nemelex Xobeh.
   289 | D        | Found a blossoming altar of Fedhas.
   291 | D        | Found an iron altar of Okawaru.
   291 | D        | Found an opulent altar of Gozag.
   291 | D        | Found a hazy altar of Hepliaklqana.
   291 | D        | Found a snail-covered altar of Cheibriados.
   299 | D        | Became a worshipper of Dithmenos the Shadowed
   310 | D        | Noticed a shining eye
   310 | D        | Noticed a shining eye
   311 | D        | Noticed a shining eye
   312 | D        | Killed a shining eye
   313 | D        | Reached skill level 1 in Shields
   314 | D        | Killed a shining eye
   315 | D        | Killed a shining eye
   315 | D        | Reached * piety under Dithmenos
   326 | D        | Reached skill level 5 in Earth Magic
   328 | D        | Reached ** piety under Dithmenos
   329 | D        | Reached XP level 10. HP: 55/55 MP: 19/25
   609 | D        | Noticed a death drake
   610 | D        | Noticed a death drake
   610 | D        | Noticed a crystal guardian
   613 | D        | Killed a crystal guardian
   614 | D        | Reached skill level 5 in Conjurations
   614 | D        | Killed a death drake
   615 | D        | Reached *** piety under Dithmenos
   617 | D        | Killed a death drake
   630 | D        | Noticed a deep elf master archer
   635 | D        | Killed a deep elf master archer
   636 | D        | Reached skill level 5 in Shields
   644 | D        | Reached **** piety under Dithmenos
   698 | D        | Paralysed by a hornet for 3 turns
   700 | D        | Slain by a hornet

Illustrated notes

Levels and vault maps discovered:
D:        the_violet_keep_of_menkaure [sprint2_stairs_cluster_1,
          sprint2_shoproom, sprint2_temple, sprint2_basic_supplies,
          sprint2_obstacle_1, sprint2_obstacle_4, sprint2_obstacle_2,
          sprint2_obstacle_6, sprint2_obstacle_7, sprint2_timed_cluster_1,
          sprint2_smallroom_cluster_1, sprint2_smallroom_final_cluster_1,
          sprint2_transparent_cluster_1, sprint2_second_timed_cluster_1,
          sprint2_sniper_area_1, sprint2_heavy_combat_area_1,
          sprint2_mutation_trap_area_1, sprint2_forest_area_1,
          sprint2_light_combat_area_1, sprint2_behind_water_1,
          sprint2_near_end_vault_1]

Skill      XL: |  1  2  3  4  5  6  7  8  9 10 |
---------------+-------------------------------+-----
Fighting       | 2 3 4 5 7 |  7.0
Short Blades   | 3 5 8 10 | 10.0
Dodging        | 4 5 8 |  8.0
Stealth        | 6 7 10 15 | 15.0
Spellcasting   | 4 5 9 10 | 10.0
Hexes          | 5 8 11 14 | 14.0
Shields        | 3 5 |  5.5
Conjurations   | 4 8 |  8.0
Earth Magic    | 5 9 |  9.5

Action                     |  1- 3 |  4- 6 |  7- 9 | 10-12 || total
---------------------------+-------+-------+-------+-------++-------
  Melee: Dagger            |    12 |     5 |    17 |    37 ||    71
         Punch             |       |       |       |     1 ||     1
   Cast: Ensorcelled Hiber |       |       |     6 |       ||     6
         Confusing Touch   |       |       |     1 |     2 ||     3
    Use: Potion            |     2 |       |       |     2 ||     4
   Stab: Sleeping          |     1 |     5 |    10 |     7 ||    23
         Invisible         |     2 |       |     1 |     3 ||     6
         Confused          |       |       |     1 |     2 ||     3
  Dodge: Dodged            |     4 |       |     2 |    38 ||    44
